 Dungeon Crawl Stone Soup version 0.30-a0-760-g5a9884bb7c (webtiles) character file.

Game seed: 2419200835196790514

1191 sircluck the Covert (level 8, -2/46 HPs)
             Began as a Kobold Brigand on Feb 10, 2023.
             Slain by a gnoll
             ... wielding a +0 whip
              (5 damage)
             ... on level 4 of the Dungeon.
             The game lasted 00:12:04 (4343 turns).

sircluck the Covert (Kobold Brigand)                Turns: 4343, Time: 00:12:05

Health: -2/46      AC:  4    Str:  7 (8)  XL:     8   Next: 71%
Magic:  8/8        EV: 16    Int: 18      God:
Gold:   235        SH:  0    Dex: 19      Spells: 7/7 levels left

rFire   . . .      SeeInvis .    a - +2 dagger
rCold   . . .      Faith    .    (no shield)
rNeg    + . .      Spirit   .    s - +0 robe {rN+}
rPois   .          Reflect  .    n - +0 helmet
rElec   .          Harm     .    B - +0 cloak {Stlth+}
rCorr   .          Rampage  .    (no gloves)
Will    .....                    (no boots)
Stlth   +++++++                  (no amulet)
HPRegen 0.27/turn                C - +6 ring of intelligence
MPRegen 0.11/turn                (no ring)

@: no status effects
A: small, no large weapons, nightstalker 3
a: no special abilities


You were on level 4 of the Dungeon.
You visited 1 branch of the dungeon, and saw 5 of its levels.

You collected 361 gold pieces.
You spent 126 gold pieces at shops.

Inventory:

Hand Weapons
 a - a +2 dagger (weapon)
 F - a +0 shortbow
Missiles
 e - 2 curare-tipped darts (quivered)
 i - 68 stones
 m - 4 boomerangs
Armour
 b - a +0 robe
 c - a +0 cloak
 n - a +0 helmet (worn)
 r - an orb of wrath
 s - a +0 robe of positive energy (worn)
 B - a +0 cloak of stealth (worn)
Magical Staves
 j - a staff of cold
Jewellery
 f - a ring of protection from cold
 u - a ring of resist corrosion
 z - a +6 ring of intelligence
 C - a +6 ring of intelligence (left hand)
Scrolls
 g - a scroll of fog {unknown}
 k - a scroll of enchant weapon {unknown}
 l - 2 scrolls of fear {unknown}
 o - 3 scrolls of noise {unknown}
 q - 2 scrolls of teleportation {unknown}
 v - a scroll of amnesia {unknown}
 w - 4 scrolls of identify {unknown}
 x - a scroll of immolation {unknown}
 y - 2 scrolls of brand weapon {unknown}
 E - a scroll of enchant armour {unknown}
Potions
 p - 2 potions of cancellation
 t - 2 potions of berserk rage
 A - a potion of invisibility {unknown}


   Skills:
 + Level 3.2 Fighting
 + Level 5.7 Short Blades
 + Level 2.6 Throwing
 + Level 3.7 Dodging
 * Level 12.4 Stealth
 + Level 0.2 Evocations


You had 7 spell levels left.
You didn't know any spells.
Your spell library was empty.

Dungeon Overview and Level Annotations

Branches:
Dungeon (5/15)             Temple (0/1) D:5

Altars:
Elyvilon
Hepliaklqana
Kikubaaqudgha

Shops:
D:2 *   D:3 [


Innate Abilities, Weirdness & Mutations

You are small and have problems with some larger weapons.
You are completely attuned to the shadows.


Message History

An adder comes into view.
Found a stone staircase leading up.
The gnoll attacks as you move away! The gnoll closely misses you.
The iguana attacks as you move away! The iguana closely misses you.
You hit the gnoll.
The gnoll is moderately wounded.
The gnoll hits you with a +0 whip.
* * * LOW HITPOINT WARNING * * *
The gnoll attacks as you move away! The gnoll closely misses you.
The gnoll attacks as you move away! The gnoll closely misses you.
There is a stone staircase leading up here.
The gnoll hits you with a +0 whip.
* * * LOW HITPOINT WARNING * * *
You climb upwards.
There is a stone staircase leading down here.
Throw: dart (poison)
Press: ? - help, Q - select action, (/) - cycle Shift-Dir - straight line, f - gnoll
Aim: a gnoll, wielding a +0 whip (moderately wounded, 66% to hit)
You throw a poisoned dart. The poisoned dart hits the gnoll!
The gnoll is poisoned.
The gnoll is moderately wounded.
The gnoll misses you.
Throw: 3 darts (curare)
Press: ? - help, Q - select action, (/) - cycle Shift-Dir - straight line, f/p - gnoll
Aim: a gnoll, wielding a +0 whip (heavily wounded, very poisoned, 66% to hit)
You throw a curare-tipped dart.
The curare-tipped dart barely misses the gnoll.
The gnoll hits you with a +0 whip.
* * * LOW HITPOINT WARNING * * *
The gnoll attacks as you move away! The gnoll barely misses you.
The gnoll attacks as you move away! The gnoll barely misses you.
You hit the gnoll but do no damage.
The gnoll is heavily wounded.
The gnoll hits you but does no damage.
You hit the gnoll.
The gnoll is severely wounded.
You closely miss the gnoll.
The gnoll is almost dead.
The gnoll hits you with a +0 whip.
You die...

#.)..'.......##
##..##...8...##
##'##.......).
##..##.....##.
#)...##...##+#
#....'#####..#
##..##..##....
###############.†..'..).
#..>..g@...# #....##..#
#.(........# ##..######
#(.........# ##### #..
#.......>..######..###.#
#.................<....#
#................#.####.
#................#..###.
#................##.....
#....))..........######.


You could see a gnoll (poisoned).

Vanquished Creatures
  Sigmund (D:2)
  An ice beast (D:4)
  2 ogres
  A centaur (D:4)
  A bullfrog (D:4)
  2 scorpions (D:4)
  A gnoll sergeant (D:3)
  2 orc priests
  2 hounds (D:5)
  An orc wizard (D:5)
  Terence (D:2)
  5 gnolls
  7 adders
  4 worms
  4 dart slugs
  19 orcs
  9 endoplasms
  6 giant cockroaches
  5 hobgoblins
  3 jackals (D:4)
  8 quokkas
  10 ball pythons
  10 bats
  4 frilled lizards (D:1)
  8 goblins
  9 kobolds
  11 rats
  A spectral goblin (D:3)
138 creatures vanquished.

Notes
Turn   | Place    | Note
-------+----------+-------------------------------------------
     0 | D:1      | sircluck the Kobold Brigand began the quest for the Orb.
     0 | D:1      | Reached XP level 1. HP: 12/12 MP: 1/1
   148 | D:1      | Reached XP level 2. HP: 17/17 MP: 2/2
   343 | D:1      | Reached skill level 6 in Stealth
   461 | D:1      | Reached XP level 3. HP: 21/21 MP: 3/3
  1052 | D:2      | Reached XP level 4. HP: 26/26 MP: 4/4
  1076 | D:2      | Noticed Terence
  1080 | D:2      | Killed Terence
  1081 | D:2      | Reached skill level 7 in Stealth
  1264 | D:2      | Found Vutebb's General Store.
  1401 | D:2      | Noticed Sigmund
  1407 | D:2      | Killed Sigmund
  1408 | D:2      | Reached skill level 9 in Stealth
  1408 | D:2      | Reached XP level 5. HP: 31/31 MP: 5/5
  1408 | D:2      | Reached XP level 6. HP: 36/36 MP: 6/6
  1620 | D:3      | Found Pummaz's Armour Shop.
  1662 | D:3      | Found an ancient bone altar of Kikubaaqudgha.
  1668 | D:3      | Bought a +0 cloak of stealth for 126 gold pieces
  1689 | D:3      | Identified the +4 scale mail of Greed {Stlth+}
  1744 | D:3      | Found a faded altar of an unknown god.
  1792 | D:3      | Found a white marble altar of Elyvilon.
  2119 | D:3      | Reached XP level 7. HP: 6/40 MP: 7/7
  2682 | D:4      | Reached skill level 10 in Stealth
  2825 | D:4      | Reached skill level 11 in Stealth
  2892 | D:4      | Reached XP level 8. HP: 6/45 MP: 8/8
  3191 | D:4      | Reached skill level 5 in Short Blades
  3526 | D:4      | Reached skill level 12 in Stealth
  3710 | D:5      | Entered Level 5 of the Dungeon
  4065 | D:5      | Found a hazy altar of Hepliaklqana.
  4298 | D:5      | Found a staircase to the Ecumenical Temple.
  4321 | D:5      | HP: 1/46 [iguana (13)]
  4333 | D:5      | HP: 1/46 [gnoll/+0 whip (3)]
  4343 | D:4      | Slain by a gnoll

Illustrated notes

Levels and vault maps discovered:
D:1:      dpeg_arrival_signposts, layout_rooms, dreamdust_princess_corridor,
          chequers_serial_rivers_small_b
D:2:      layout_loops_ring, serial_shops, shop_fountains, minmay_tromino_v4_a,
          uniq_terence, uniq_sigmund
D:3:      layout_basic, elyvilon_altar_4, lemuel_crystal_altar, serial_shops,
          shop, dreamdust_ecumenical_altar_drowned_temple,
          kennysheep_big_empty_room, chequers_serial_rivers_small_3
D:4:      minmay_bubble_buster, layout_rooms, gup_sewer_entry_glass
D:5:      layout_basic, lemuel_round_altar, minmay_temple_entry_glass

Skill      XL: |  1  2  3  4  5  6  7  8 |
---------------+-------------------------+-----
Short Blades   | 3 4 5 |  5.7
Stealth        | 6 9 11 12 | 12.4
Dodging        | 2 3 |  3.7
Fighting       | 3 |  3.2
Throwing       | |  2.6
Evocations     | |  0.2

Action                     |  1- 3 |  4- 6 |  7- 9 || total
---------------------------+-------+-------+-------++-------
  Melee: Dagger            |    93 |    66 |   251 ||   410
         Punch             |       |       |     2 ||     2
  Throw: Dart              |     2 |     2 |    16 ||    20
  Evoke: Wand              |       |     2 |       ||     2
    Use: Potion            |       |       |    11 ||    11
   Stab: Sleeping          |    18 |    28 |    23 ||    69
         Distracted        |     1 |       |       ||     1
 Armour: Robe              |    17 |    16 |    30 ||    63
         Skin              |       |       |     6 ||     6
  Dodge: Dodged            |    42 |    39 |   161 ||   242

Table legend: (Time is in decaauts)
 A = Elapsed time spent in this place.
 B = Non-inter-level travel time spent in this place.
 C = Inter-level travel time spent in this place.
 D = Time resting spent in this place.
 E = Time spent auto-exploring this place.
 F = Levels seen in this place.
 G = Mean time per level.
                   A        B        C        D        E       F      G
               +--------+--------+--------+--------+--------+-----+--------+
         Total |   4283 |   3979 |    304 |    251 |   2754 |   5 |  856.6 |
       Dungeon |   4283 |   3979 |    304 |    251 |   2754 |   5 |  856.6 |
               +--------+--------+--------+--------+--------+-----+--------+

Top non-repeatable levels by time:
     D:3: 1074 daAuts
     D:4: 1026 daAuts
     D:1: 883 daAuts
     D:2: 702 daAuts
     D:5: 596 daAuts
